 Dungeon Crawl Stone Soup version 0.18-a0-19-g8b99b3a (webtiles) character file.

15650 4thArraOfDagon the Cruncher (level 12, -2/75 HPs)
             Began as a Gargoyle Gladiator on Nov 1, 2015.
             Was a High Priest of Cheibriados.
             Slain by a white ugly thing (17 damage)
             ... on level 14 of the Dungeon.
             The game lasted 00:21:57 (4288 turns).

4thArraOfDagon the Cruncher (Gargoyle Gladiator)    Turns: 4288, Time: 00:21:57

Health: -2/75      AC: 15    Str: 31    XL:     12   Next: 29%
Magic:  17/17      EV: 20    Int: 28    God:    Cheibriados [*****.]
Gold:   89         SH:  0    Dex: 29    Spells: 0 memorised, 11 levels left

rFire  + . .     SeeInvis .     p - +9 quarterstaff of the Penguin {crush, rF+ rN+ MR- Dex+7}
rCold  + . .     Clarity  .     E - troll hide
rNeg   + + .     SustAt   .     (shield currently unavailable)
rPois  ∞         Gourm    .     c - +0 helmet
rElec  +         Spirit   .     (no cloak)
rCorr  +         Warding  .     u - +0 pair of gloves
rMut   .         Stasis   .     o - +0 pair of boots
MR     .....                    K - amulet of resist corrosion
Stlth  +.........               (no ring)
                                F - ring of Ludump {+Inv MR+ Slay+5 Stlth-}

@: very slow, not resistant to hostile enchantments, very unstealthy
A: clever 1, cold resistance 1, negative energy resistance 1, electricity
resistance, spit poison 1, wild magic 1, unbreathing, petrification resistance,
rot immunity, MP-powered wands, AC +8
a: Spit Poison, Bend Time, Temporal Distortion, Slouch, Step From Time, Renounce
Religion, Evoke Invisibility


You were on level 14 of the Dungeon.
You worshipped Cheibriados.
Cheibriados was extremely pleased with you.
You were not hungry.

You visited 2 branches of the dungeon, and saw 16 of its levels.

You collected 453 gold pieces.
You spent 364 gold pieces at shops.

Inventory:

Hand Weapons
 a - a +0 war axe
 p - the +9 quarterstaff of the Penguin (weapon) {crush, rF+ rN+ MR- Dex+7}
   (You found it on level 6 of the Dungeon)

   It inflicts extra damage upon your enemies.
   It affects your dexterity (+7).
   It protects you from fire.
   It protects you from negative energy.
   It affects your resistance to hostile enchantments.
Missiles
 m - 10 javelins
 I - 5 javelins of returning
 J - a throwing net (quivered)
Armour
 c - a +0 helmet (worn)
 g - a +0 plate armour
 o - a +0 pair of boots (worn)
 u - a +0 pair of gloves (worn)
 E - a troll hide (worn)
Jewellery
 F - the ring of Ludump (left hand) {+Inv MR+ Slay+5 Stlth-}
   (You found it on level 13 of the Dungeon)

   [ring of loudness]

   It affects your accuracy and damage with ranged weapons and melee attacks
   (+5).
   It affects your resistance to hostile enchantments.
   It lets you turn invisible.
   It makes you less stealthy.
 K - an amulet of resist corrosion (around neck)
Wands
 B - a wand of cold (9)
Scrolls
 b - a scroll of fear {unknown}
 h - a scroll of identify
 i - 2 scrolls of enchant armour {unknown}
 j - 3 scrolls of amnesia {unknown}
 k - 2 scrolls of magic mapping {unknown}
 q - a scroll of summoning {unknown}
 t - 2 scrolls of noise {unknown}
 w - 2 scrolls of remove curse {unknown}
 y - a scroll of teleportation {unknown}
 A - a scroll of fog {unknown}
 C - a scroll of enchant weapon
Potions
 d - a potion of agility
 n - 3 potions of might
 s - a potion of degeneration
 x - 2 potions of resistance
 z - 2 potions of haste
 D - a potion of cancellation
 G - a potion of brilliance
 L - a potion of curing
 M - 2 potions of heal wounds
 N - 2 potions of lignification
Books
 r - a Grand Grimoire

   Spells                             Type                      Level
   a - Monstrous Menagerie            Summoning                    6
   b - Summon Greater Demon           Summoning                    7
   c - Malign Gateway                 Summoning/Translocation      7
   d - Summon Horrible Things         Summoning                    8
 v - a Young Poisoner's Handbook

   Spells                             Type                      Level
   a - Sting                          Conjuration/Poison           1
   b - Cure Poison                    Poison                       2
   c - Mephitic Cloud                 Conjuration/Poison/Air       3
   d - Olgreb's Toxic Radiance        Poison                       4
   e - Venom Bolt                     Conjuration/Poison           5
 H - a Necronomicon

   Spells                             Type                      Level
   a - Haunt                          Necromancy/Summoning         7
   b - Borgnjor's Revivification      Necromancy                   8
   c - Death's Door                   Charms/Necromancy            8
   d - Necromutation                  Transmutation/Necromancy     8
Comestibles
 e - 6 bread rations
 f - a beef jerky
 l - 6 meat rations
 O - a mutagenic chunk of flesh


   Skills:
 + Level 8.9 Fighting
 - Level 5.5 Axes
 * Level 12.0 Staves
 - Level 1.7 Throwing
 + Level 7.2 Armour
 + Level 6.9 Dodging
 + Level 7.4 Invocations


You had 11 spell levels left.
You didn't know any spells.

Dungeon Overview and Level Annotations

Branches:
Dungeon (15/15)            Temple (1/1) D:6            Lair (0/8) D:8
    Orc (0/4) D:11
 Vaults: D:13-14     Depths: D:15

Altars:
Ashenzari
Cheibriados
Dithmenos
Fedhas
Gozag
Kikubaaqudgha
Makhleb
Nemelex Xobeh
Qazlal
Ru
Vehumet
Xom
Yredelemnul
Zin
The Shining One

Shops:
D:14 !

Annotations:
D:11 Snorg, Urug


Innate Abilities, Weirdness & Mutations

You are resistant to torment.
Your stone body is resilient (AC +8).
You are immune to poison.
You resist negative energy.
You are resistant to electric shocks.
You can survive without breathing.
You are immune to petrification.
You are immune to rotting.
Your mind is acute. (Int +2)
Your flesh is cold resistant.
You can spit weak poison.
Your spells are a little harder to cast, but a little more powerful.
You expend magic power (3 MP) to strengthen your wands.


Message History

You sock the cyan ugly thing!
The cyan ugly thing is almost dead.
The cyan ugly thing bites you but does no damage.
You thump the cyan ugly thing!
The cyan ugly thing is almost dead.
You bludgeon the cyan ugly thing!!
You kill the cyan ugly thing!
Cheibriados thoroughly appreciates the change of pace.
Cheibriados raises the support of your attributes as your movement slows.
You sock the white ugly thing!
The white ugly thing is moderately wounded.
You bludgeon the white ugly thing!!
The white ugly thing is heavily wounded.
The white ugly thing punches you! The white ugly thing freezes you! You resist.
You hit the white ugly thing.
The white ugly thing is severely wounded.
The white ugly thing punches you!
* * * LOW HITPOINT WARNING * * *
The white ugly thing freezes you! You resist.
You die...

'#### #)###..### ####.#### .#
#..##.##.# .# #..# .#
##.##.#...#.######.#### .#
#..#.##.##...........# .#
####[#..#.#...)........# '####
#..<...............†..<#
....####..>.......##..........#
....##.'.......#..##..........#
....##.#.......#@###..........#
....'..#.......#u# #..........#
....#.........)'.# #..........#
........≈....))### ########.###
....≈≈.≈≈≈≈≈.)## ..#
≈≈≈...≈≈≈......#
≈≈≈≈≈≈≈≈≈≈≈≈≈≈≈#####
.....≈.≈≈≈≈≈..≈≈≈≈≈#
..≈≈≈..≈≈....#.#####


You could see a white ugly thing.

Vanquished Creatures
  A centaur warrior (D:13)
  A hydra (D:14)
  A tengu warrior (D:13)
  A wizard (D:13)
  3 hill giants
  Pikel (D:7)
  4 ugly things
  A cyclops (D:13)
  Joseph (D:8)
  2 gargoyles (D:12)
  A centaur skeleton (D:11)
  A polar bear (D:14)
  2 trolls (D:11)
  A wolf spider simulacrum (D:14)
  A redback (D:13)
  A wyvern (D:9)
  11 yaks
  A soldier ant (D:14)
  3 ice beasts
  5 phantoms
  A sky beast (D:8)
  A slave (D:7)
  4 ogres
  5 orc warriors
  An eye of draining (D:14)
  A wasp (D:14)
  2 black bears
  6 centaurs
  2 big kobolds
  4 giant frogs
  A wyvern zombie (D:6)
  3 scorpions
  An electric eel (D:14)
  7 killer bees
  6 wights
  2 crimson imps
  3 jellies
  A wyvern simulacrum (D:14)
  2 centaur zombies
  6 orc priests
  2 giant frog zombies
  9 worker ants
  4 iguanas
  10 orc wizards
  Natasha (thrice) (D:4)
  2 giant frog skeletons
  A hound skeleton (D:6)
  A hound zombie (D:11)
  3 adders
  11 gnolls
  2 shadow imps
  A white imp (D:14)
  An ufetubus (D:14)
  An ooze (D:5)
  4 giant geckos
  33 orcs
  2 giant cockroaches (D:3)
  3 goblins
  2 hobgoblins
  6 jackals
  A ball python (D:2)
  4 bats
  A giant newt (D:7)
  13 kobolds
  2 quokkas
  2 rats (D:3)
226 creatures vanquished.

Notes
Turn   | Place    | Note
--------------------------------------------------------------
     0 | D:1      | 4thArraOfDagon the Gargoyle Gladiator began the quest for the Orb.
     0 | D:1      | Reached XP level 1. HP: 12/12 MP: 1/1
   103 | D:1      | +300
   246 | D:2      | Reached skill level 3 in Axes
   246 | D:2      | Reached XP level 2. HP: 16/18 MP: 2/2
   364 | D:3      | Reached XP level 3. HP: 22/22 MP: 3/3
   556 | D:5      | Entered Level 5 of the Dungeon
   571 | D:5      | Reached XP level 4. HP: 17/27 MP: 4/4
   586 | D:5      | die
   591 | D:5      | Reached skill level 4 in Axes
   591 | D:5      | Reached XP level 5. HP: 21/32 MP: 5/5
   617 | D:5      | Reached XP level 6. HP: 24/38 MP: 6/6
   792 | D:4      | Reached skill level 5 in Axes
   859 | D:4      | Noticed Natasha
   922 | D:6      | Reached XP level 7. HP: 27/44 MP: 7/7
  1010 | D:6      | Got a translucent quarterstaff
  1011 | D:6      | Identified the +9 quarterstaff of the Penguin {crush, rF+ rN+ MR- Dex+7} (You found it on level 6 of the Dungeon)
  1069 | D:6      | Found an ancient bone altar of Kikubaaqudgha.
  1069 | D:6      | Found a stormy altar of Qazlal.
  1082 | D:6      | Reached skill level 1 in Staves
  1187 | D:7      | Noticed Pikel
  1256 | D:6      | Reached XP level 8. HP: 21/48 MP: 8/8
  1324 | D:6      | Reached skill level 5 in Staves
  1341 | D:6      | Found a staircase to the Ecumenical Temple.
  1350 | Temple   | Entered the Ecumenical Temple
  1383 | Temple   | Became a worshipper of Cheibriados the Contemplative
  1554 | D:4      | Killed Natasha
  1731 | D:4      | Noticed Natasha
  1735 | D:4      | Killed Natasha
  1756 | D:4      | Noticed Natasha
  1759 | D:4      | Killed Natasha
  1835 | D:3      | Reached * piety under Cheibriados
  1858 | D:2      | Reached skill level 6 in Staves
  2015 | D:5      | Reached skill level 7 in Staves
  2189 | D:7      | Killed Pikel
  2189 | D:7      | Reached skill level 5 in Fighting
  2189 | D:7      | Reached skill level 8 in Staves
  2189 | D:7      | Reached skill level 1 in Invocations
  2189 | D:7      | Reached XP level 9. HP: 52/54 MP: 8/10
  2335 | D:8      | Reached ** piety under Cheibriados
  2480 | D:8      | Found a shimmering altar of Xom.
  2500 | D:8      | Found a staircase to the Lair.
  2548 | D:8      | Noticed Joseph
  2560 | D:8      | Killed Joseph
  2585 | D:8      | Reached skill level 9 in Staves
  2627 | D:9      | Reached XP level 10. HP: 51/60 MP: 12/12
  2635 | D:9      | Reached *** piety under Cheibriados
  2657 | D:9      | Reached skill level 5 in Dodging
  2699 | D:9      | Found a burning altar of Makhleb.
  2809 | D:10     | Entered Level 10 of the Dungeon
  2892 | D:11     | Noticed a hill giant
  2900 | D:11     | Killed a hill giant
  2934 | D:11     | Noticed Snorg
  2966 | D:11     | Reached skill level 10 in Staves
  2974 | D:11     | Reached skill level 5 in Armour
  2980 | D:11     | Reached skill level 5 in Invocations
  3025 | D:11     | Noticed a hill giant
  3033 | D:11     | Killed a hill giant
  3062 | D:11     | Reached XP level 11. HP: 32/67 MP: 14/14
  3066 | D:11     | Found a staircase to the Orcish Mines.
  3116 | D:11     | Noticed Urug
  3135 | D:12     | Reached **** piety under Cheibriados
  3380 | D:12     | Reached skill level 11 in Staves
  3450 | D:13     | Got a translucent lapis lazuli ring
  3451 | D:13     | Identified the ring of Ludump {+Inv MR+ Slay+5 Stlth-} (You found it on level 13 of the Dungeon)
  3497 | D:13     | Noticed a wizard
  3502 | D:13     | Killed a wizard
  3524 | D:13     | Noticed a hill giant
  3528 | D:13     | Killed a hill giant
  3562 | D:13     | Noticed a tengu warrior
  3581 | D:13     | Killed a tengu warrior
  3635 | D:13     | Reached ***** piety under Cheibriados
  3730 | D:13     | Noticed a centaur warrior
  3732 | D:13     | Killed a centaur warrior
  3851 | D:14     | Noticed a four-headed hydra
  3854 | D:14     | Killed a four-headed hydra
  3854 | D:14     | Reached XP level 12. HP: 61/75 MP: 17/17
  4089 | D:15     | Entered Level 15 of the Dungeon
  4158 | D:14     | Found Tadgh's Distillery.
  4161 | D:14     | Bought a potion of curing for 39 gold pieces
  4161 | D:14     | Bought 2 potions of heal wounds for 130 gold pieces
  4161 | D:14     | Bought a potion of lignification for 39 gold pieces
  4161 | D:14     | Bought a potion of lignification for 39 gold pieces
  4161 | D:14     | Bought 2 potions of mutation for 65 gold pieces
  4161 | D:14     | Bought a potion of might for 52 gold pieces
  4161 | D:14     | Gained mutation: Your spells are a little harder to cast, but a little more powerful. [potion of mutation]
  4161 | D:14     | Gained mutation: You expend magic power (3 MP) to strengthen your wands. [potion of mutation]
  4162 | D:14     | Gained mutation: Your mind is acute. (Int +2) [potion of mutation]
  4162 | D:14     | Gained mutation: Your flesh is cold resistant. [potion of mutation]
  4162 | D:14     | Gained mutation: You can spit weak poison. [potion of mutation]
  4222 | D:14     | Reached skill level 12 in Staves
  4288 | D:14     | Slain by a white ugly thing

Vault maps used:
D:1:      dpeg_arrival_lava_temple_mockup
D:3:      lemuel_coloured_pillars_altar
D:4:      first_bread, uniq_natasha
D:6:      gammafunk_temple_overflow_elements, minmay_temple_entry_butterflies,
          serial_shops, shop
D:7:      kennysheep_mini, elyvilon_altar_1, tgw_trog, grunt_livestock,
          st_stairs_8, uniq_pikel
D:8:      old_standard_altar, lair_0_dummy, serial_shops, kennysheep_little_box,
          uniq_joseph
D:9:      bloody_makhleb
D:10:     enter_trove_5
D:11:     orc_0_dummy, uniq_snorg, uniq_urug
D:13:     minmay_wavy_crystal
D:14:     david_vaults_5, serial_shops, nicolae_shop_behind_doors, serial_ice,
          serial_ice_f, serial_ice_k, serial_ice_c, serial_ice_d,
          minmay_misc_feat_diagonals,
          nicolae_gozag_cash_rules_everything_around_me
D:15:     gammafunk_enter_depths_forms,
          nicolae_dithmenos_through_a_glass_darkly, serial_park_tiny_pond
Temple:   zaba_magenta_temple_12

Action                   |  1- 3 |  4- 6 |  7- 9 | 10-12 || total
-------------------------+-------+-------+-------+-------++-------
Melee: War axe           |    68 |    72 |    11 |       ||   151
       Quarterstaff      |       |       |   249 |   299 ||   548
Throw: Throwing net      |       |     3 |     2 |     1 ||     6
       Javelin           |       |       |       |    19 ||    19
Invok: Bend Time         |       |       |       |     6 ||     6
       Slouch            |       |       |       |     1 ||     1
Evoke: Wand              |       |       |       |     1 ||     1
  Use: Potion            |       |     3 |       |     2 ||     5
       Scroll            |       |     2 |     5 |     3 ||    10
  Eat: Chunk             |       |     1 |     5 |     2 ||     8
       Pizza             |       |       |       |     1 ||     1
